 Dungeon Crawl Stone Soup version 0.30.0-29-ga12c61a403 (webtiles) character file.

Game seed: 9761172926685674760

117 safid the Chiller (level 5, -5/39 HPs)
             Began as a Merfolk Ice Elementalist on June 22, 2023.
             Slain by a sleepcap (18 damage)
             ... on level 3 of the Dungeon.
             The game lasted 00:04:15 (2675 turns).

safid the Chiller (Merfolk Ice Elementalist)        Turns: 2675, Time: 00:04:16

Health: -5/39      AC:  9    Str:  8    XL:     5   Next: 1%
Magic:  1/9        EV:  2    Int: 16    God:
Gold:   230        SH:  0    Dex: 15    Spells: 3/10 levels left

rFire   . . .        k - +0 dagger (elec)
rCold   . . .        n - +0 buckler
rNeg    . . .        a - +0 robe
rPois   .            (no helmet)
rElec   .            (no cloak)
rCorr   .            (no gloves)
SInv    .            s - +0 pair of boots
Will    .....        (no amulet)
Stlth   ++           (no ring)
HPRegen 0.26/turn    (no ring)
MPRegen 0.11/turn

%: no passive effects
@: ice-armoured, sleeping
A: (nimble swimmer 2), mertail
a: no special abilities


You were on level 3 of the Dungeon.
You visited 1 branch of the dungeon, and saw 3 of its levels.

You collected 230 gold pieces.

Inventory:

Hand Weapons
 k - a +0 dagger of electrocution (weapon)
Armour
 a - a +0 robe (worn)
 n - a +0 buckler (worn)
 s - a +0 pair of boots (worn)
Scrolls
 g - a scroll of teleportation {unknown}
 h - 4 scrolls of identify {unknown}
 i - a scroll of enchant weapon {unknown}
 j - a scroll of magic mapping {unknown}
 m - a scroll of fog {unknown}
 o - a scroll of vulnerability {unknown}
 q - a scroll of immolation {unknown}
 r - a scroll of fear {unknown}
Potions
 b - a potion of magic
 c - a potion of berserk rage {unknown}
 d - 2 potions of degeneration {unknown}
 e - a potion of haste {unknown}
 f - 2 potions of flight {unknown}
 l - 2 potions of brilliance {unknown}
 p - a potion of invisibility {unknown}


   Skills:
 + Level 2.6 Fighting
 - Level 2.6 Dodging
 - Level 2.1 Stealth
 + Level 3.0 Spellcasting
 + Level 5.3 Ice Magic


You had 3 spell levels left.
You knew the following spells:

 Your Spells              Type           Power      Damage    Failure   Level
a - Freeze                Ice            76%        1d8       3%          1
b - Frozen Ramparts       Ice            38%        1d6       10%         3
c - Ozocubu's Armour      Ice            19%        N/A       10%         3

Your spell library contained the following spells:

 Spells                   Type           Power      Damage    Failure   Level
 Sublimation of Blood     Necr           2%         N/A       41%         2
 Dazzling Flash           Conj/Hex       4%         N/A       65%         3
 Volatile Blastmotes      Fire/Tloc      4%         2d10      65%         3
 Summon Ice Beast         Ice/Summ       10%        N/A       69%         4
 Iskenderun's Mystic Bla  Conj/Tloc      2%         2d3       96%         4
 Petrify                  Tmut/Erth      2%         N/A       96%         4
 Irradiate                Conj/Tmut      1%         3d12      100%        5
 Starburst                Conj/Fire      1%         6d3       100%        6


Dungeon Overview and Level Annotations

Branches:
Dungeon (3/15)

Altars:
Okawaru


Innate Abilities, Weirdness & Mutations

((You are very nimble when in or above water. (Stealth+, EV+, Speed+++)))
Your lower body shifts to a powerful aquatic tail in water.


Message History

Aim: a sleepcap (moderately damaged)
You freeze the sleepcap.
The sleepcap is moderately damaged.
The wall freezes the sleepcap.
The sleepcap barely misses you.
Unknown command.
You hit the sleepcap.
The sleepcap is heavily damaged.
The wall freezes the sleepcap but does no damage.
The sleepcap closely misses you.
You hit the sleepcap but do no damage.
The sleepcap is heavily damaged.
The wall freezes the sleepcap.
You block the sleepcap's attack.
You hit the sleepcap but do no damage.
The sleepcap is heavily damaged.
The frozen ramparts melt away.
The sleepcap closely misses you.
Casting: Freeze (safe; 3% risk of failure)
Confirm with . or Enter, or press ? or * to list all spells.
Aiming: Freeze (safe; 3% risk of failure)
Press: ? - help, Shift-Dir - straight line, f/p - sleepcap
Aim: a sleepcap (heavily damaged)
You freeze the sleepcap.
The sleepcap is heavily damaged.
The sleepcap misses you.
Unknown command.
Casting: Freeze (safe; 3% risk of failure)
Confirm with . or Enter, or press ? or * to list all spells.
You don't have enough magic to cast this spell.
Unknown command.
Casting: Freeze (safe; 3% risk of failure)
Confirm with . or Enter, or press ? or * to list all spells.
Aiming: Freeze (safe; 3% risk of failure)
Press: ? - help, Shift-Dir - straight line, f/p - sleepcap
Aim: a sleepcap (heavily damaged)
You freeze the sleepcap.
The sleepcap is heavily damaged.
The sleepcap releases spores at you.
You are engulfed in a cloud of soporific spores!
You fall asleep.
The sleepcap releases spores at you!!
You die...

###......#....#
###......>....#
........#.###.#
#######.#.# #.#
#.#.###.#
#.#.....###.
#.#<.†......#
#.###########.#
#.....!...@f..#
###############


You could see a sleepcap.

Vanquished Creatures
  4 gnolls (D:3)
  An adder (D:2)
  A worm (D:3)
  A dart slug (D:2)
  6 endoplasms
  4 giant cockroaches
  9 goblins
  5 hobgoblins
  3 jackals (D:2)
  4 quokkas
  7 ball pythons
  6 bats
  5 frilled lizards
  2 kobolds (D:1)
  5 rats
63 creatures vanquished.

Notes
Turn   | Place    | Note
-------+----------+-------------------------------------------
     0 | D:1      | safid the Merfolk Ice Elementalist began the quest for the
                  | Orb.
     0 | D:1      | Reached XP level 1. HP: 13/13 MP: 3/3
   190 | D:1      | Reached XP level 2. HP: 13/20 MP: 0/5
   245 | D:1      | You fall into a shaft and drop 1 floor!
   313 | D:2      | Reached skill level 1 in Fighting
   803 | D:1      | Reached XP level 3. HP: 15/26 MP: 6/6
   808 | D:1      | Learned a level 3 spell: Frozen Ramparts
  1374 | D:1      | Found a faded altar of an unknown god.
  1777 | D:2      | Reached skill level 5 in Ice Magic
  1777 | D:2      | Reached XP level 4. HP: 33/33 MP: 8/8
  1781 | D:2      | Learned a level 3 spell: Ozocubu's Armour
  2192 | D:3      | Found an iron altar of Okawaru.
  2463 | D:3      | Reached XP level 5. HP: 37/39 MP: 4/9
  2675 | D:3      | Slain by a sleepcap

Illustrated notes

Levels and vault maps discovered:
D:1:      amcnicky_arrival_choice, layout_loops_ring,
          shapermc_ecumenical_altar_petra, minmay_tetromino_o4
D:2:      layout_basic, minmay_misc_feat_five
D:3:      layout_basic, mainiacjoe_overflow_brackets

Skill      XL: |  1  2  3  4 |
---------------+-------------+-----
Fighting       | 1 2 |  2.6
Ice Magic      | 5 |  5.3
Spellcasting   | 3 |  3.0
Dodging        | |  2.6
Stealth        | |  2.1

Action                     |  1- 3 |  4- 6 || total
---------------------------+-------+-------++-------
  Melee: Unarmed           |    20 |       ||    20
         Club              |    59 |       ||    59
         Dagger            |    28 |    32 ||    60
   Cast: Freeze            |    36 |     7 ||    43
         Frozen Ramparts   |       |     4 ||     4
         Ozocubu's Armour  |       |     1 ||     1
   Stab: Sleeping          |     8 |     4 ||    12
 Armour: Robe              |    36 |     3 ||    39
  Dodge: Dodged            |   115 |    19 ||   134
  Block: Buckler           |       |     4 ||     4
